 Dungeon Crawl Stone Soup version 0.30-a0-241-g1121274140 (webtiles) character file.

Game seed: 7489357271997459186

233 jimonade the Magician (level 6, 0/40 HPs)
             Began as a Djinni Conjurer on Oct 10, 2022.
             Slain by an iron imp (11 damage)
             ... summoned by Eustachio
             ... on level 4 of the Dungeon.
             The game lasted 00:10:15 (3511 turns).

jimonade the Magician (Djinni Conjurer)             Turns: 3511, Time: 00:10:15

Health: 0/40       AC:  2    Str:  8      XL:     6   Next: 25%
Gold:   139        EV: 12    Int: 20      God:
                   SH:  0    Dex:  8 (11)

rFire   + + .      SeeInvis .    b - +0 dagger
rCold   x . .      Faith    .    (no shield)
rNeg    . . .      Spirit   .    a - +0 robe
rPois   ∞          Reflect  .    (no helmet)
rElec   .          Harm     .    (no cloak)
rCorr   .          Rampage  .    (no gloves)
Will    .....                    (boots unavailable)
Stlth   +.........               (no amulet)
HPRegen 0.26/turn                (no ring)
MPRegen 0.00/turn                (no ring)

@: flying
A: sickness immunity, fire resistance 2, cold vulnerability 1, float, innate
caster, HP casting, extra vitality 1
a: no special abilities


You were on level 4 of the Dungeon.
You visited 1 branch of the dungeon, and saw 4 of its levels.

You collected 139 gold pieces.

Inventory:

Hand Weapons
 b - a +0 dagger (weapon)
 l - a +0 sling
 s - a +0 spear
Missiles
 f - 15 poisoned darts
Armour
 a - a +0 robe (worn)
 g - a +0 ring mail
 u - a +0 leather armour
Magical Staves
 j - a staff of cold
 n - a staff of air
Scrolls
 d - 2 scrolls of enchant weapon {unknown}
 h - a scroll of blinking {unknown}
 i - a scroll of noise {unknown}
 k - a scroll of summoning {unknown}
 o - a scroll of fear {unknown}
 p - a scroll of identify {unknown}
 v - a scroll of vulnerability {unknown}
 x - 2 scrolls of immolation {unknown}
 y - a scroll of magic mapping {unknown}
Potions
 c - a potion of berserk rage {unknown}
 e - 2 potions of lignification {unknown}
 m - a potion of heal wounds {unknown}
 q - a potion of brilliance {unknown}
 r - 2 potions of haste {unknown}
 t - 2 potions of curing {unknown}
 w - a potion of experience {unknown}
 z - a potion of mutation {unknown}


   Skills:
 - Level 2.1 Dodging
 - Level 1.5 Stealth
 + Level 5.5 Spellcasting


You couldn't memorise any spells.
You knew the following spells:

 Your Spells              Type           Power      Damage    Failure   Level
a - Magic Dart            Conj           100%       1d8       1%          1
b - Searing Ray           Conj           54%        2d6       1%          2
c - Dazzling Flash        Conj/Hex       54%        N/A       3%          3
d - Fulminant Prism       Conj/Hex       13%        3d9       11%         4
e - Iskenderun's Mystic   Conj/Tloc      27%        2d7       11%         4
f - Sandblast             Erth           54%        2d13      1%          1
g - Wereblood             Tmut           27%        N/A       1%          2
Your spell library was empty.

Dungeon Overview and Level Annotations

Branches:
Dungeon (4/15)
 Temple: D:4-7

Altars:

Shops:
D:2 =

Annotations:
D:4 Eustachio


Innate Abilities, Weirdness & Mutations

You are immune to sickness and miasma.
You are immune to poison.
Your flesh is very heat resistant. (rF++)
You are vulnerable to cold. (rC-)
You float through the air rather than walking.
You learn spells naturally, not from books.
Your magical power is your life essence.
You have superior vitality. (+4 MHP)


Message History

Aiming: Sandblast (safe; 1% risk of failure)
Press: ? - help, Shift-Dir - straight line, f/p - Eustachio
Aim: Eustachio, wielding a +0 rapier and wearing a +0 leather armour (heavily wounded, 76% to hit)
The blast of sand hits Eustachio!
Eustachio is severely wounded.
Eustachio casts a spell.
Eustachio blinks!
Your magical contamination has completely faded away.
Casting: Sandblast (safe; 1% risk of failure)
Confirm with . or Enter, or press ? or * to list all spells.
Aiming: Searing Ray (safe; 1% risk of failure)
Press: ? - help, Shift-Dir - straight line, f/p - Eustachio
Aim: Eustachio, wielding a +0 rapier and wearing a +0 leather armour (severely wounded, 71% to hit)
The searing ray hits Eustachio!
Eustachio is almost dead. (Press . to maintain the ray.) Eustachio gestures wildly while chanting.
The searing ray hits the iron imp but does no damage.
The searing ray misses Eustachio.
Eustachio casts a spell.
Eustachio blinks!
The searing ray hits the iron imp.
The iron imp is lightly wounded.
Eustachio mumbles some strange words.
Eustachio blinks!
The iron imp hits you!
There is a stone staircase leading down here.
Casting: Searing Ray (safe; 1% risk of failure)
Confirm with . or Enter, or press ? or * to list all spells.
Aiming: Searing Ray (safe; 1% risk of failure)
Press: ? - help, Shift-Dir - straight line, f/p - Eustachio
Aim: Eustachio, wielding a +0 rapier and wearing a +0 leather armour (almost dead, 71% to hit)
The searing ray hits Eustachio.
Eustachio is almost dead. (Press . to maintain the ray.)
* * * LOW HITPOINT WARNING * * *
The searing ray misses Eustachio.
* * * LOW HITPOINT WARNING * * *
The iron imp hits you!
You die...

#........#
#.#.(...............
##'###+###
#.###.##############
#.# #.# #.# #.# #.#
#.# #.# . #.# #.#
#..###.###.###
#...........#
####..5#..#.#
......@@.##.#
########## #


You could see Eustachio and an iron imp (summoned).

Vanquished Creatures
  A water moccasin (D:4)
  5 adders
  2 worms (D:2)
  2 dart slugs
  3 orcs
  8 endoplasms
  2 giant cockroaches
  5 goblins
  8 hobgoblins
  8 quokkas
  9 ball pythons
  3 bats
  3 frilled lizards
  5 kobolds
  5 rats
69 creatures vanquished.

Vanquished Creatures (others)
  3 fulminant prisms (D:4)
3 creatures vanquished.

Grand Total: 72 creatures vanquished

Notes
Turn   | Place    | Note
-------+----------+-------------------------------------------
     0 | D:1      | jimonade the Djinni Conjurer began the quest for the Orb.
     0 | D:1      | jimonade set off with the following spells memorised: Magic
                  | Dart, Searing Ray, Dazzling Flash, Fulminant Prism,
                  | Iskenderun's Mystic Blast.
     0 | D:1      | Reached XP level 1. HP: 15/15 MP: 0/0
   227 | D:1      | Reached XP level 2. HP: 16/21 MP: 0/0
   845 | D:1      | Reached XP level 3. HP: 22/25 MP: 0/0
   845 | D:1      | Learned a level 1 spell: Sandblast
  1242 | D:2      | Reached skill level 4 in Spellcasting
  1433 | D:2      | Reached XP level 4. HP: 21/31 MP: 0/0
  1974 | D:2      | Found Ojifes's Jewellery Emporium.
  2912 | D:4      | Noticed a water moccasin
  2917 | D:4      | Killed a water moccasin
  2918 | D:4      | Reached skill level 5 in Spellcasting
  2918 | D:4      | Reached XP level 5. HP: 16/35 MP: 0/0
  2918 | D:4      | Learned a level 2 spell: Wereblood
  2918 | D:4      | Reached XP level 6. HP: 18/40 MP: 0/0
  3368 | D:4      | Noticed Eustachio
  3511 | D:4      | Slain by an iron imp

Illustrated notes

Levels and vault maps discovered:
D:1:      mrwooster_arrival_statue_3, layout_loops_corners
D:2:      layout_basic, serial_shops, shop, grunt_ministairs_4
D:3:      layout_rooms
D:4:      layout_basic, minmay_mini_jars, uniq_blork_the_orc, uniq_eustachio

Skill      XL: |  1  2  3  4 |
---------------+-------------+-----
Spellcasting   | 4 5 |  5.5
Dodging        | |  2.1
Stealth        | |  1.5

Action                   |  1- 3 |  4- 6 || total
-------------------------+-------+-------++-------
Melee: Dagger            |       |     1 ||     1
 Cast: Magic Dart        |    55 |    40 ||    95
       Searing Ray       |     8 |    13 ||    21
       Sandblast         |     2 |     4 ||     6
       Iskenderun's Myst |       |     1 ||     1
       Fulminant Prism   |       |     3 ||     3
Armor: Robe              |     1 |    12 ||    13
Dodge: Dodged            |     9 |    39 ||    48

Table legend: (Time is in decaauts)
 A = Elapsed time spent in this place.
 B = Non-inter-level travel time spent in this place.
 C = Inter-level travel time spent in this place.
 D = Time resting spent in this place.
 E = Time spent auto-exploring this place.
 F = Levels seen in this place.
 G = Mean time per level.
                   A        B        C        D        E       F      G
               +--------+--------+--------+--------+--------+-----+--------+
         Total |   3518 |   3258 |    260 |    172 |   2652 |   4 |  879.5 |
       Dungeon |   3518 |   3258 |    260 |    172 |   2652 |   4 |  879.5 |
               +--------+--------+--------+--------+--------+-----+--------+

Top non-repeatable levels by time:
     D:2: 1175 daAuts
     D:1: 1160 daAuts
     D:4: 641 daAuts
     D:3: 540 daAuts
